 Dungeon Crawl Stone Soup version 0.22-a0-521-gb1378044ac (webtiles) character file.

442 D1HalberdGnoll the Chopper (level 6, -3/48 HPs)
             Began as a Demonspawn Berserker on June 20, 2018.
             Was a Priest of Trog.
             Slain by an ogre
             ... wielding a +0 giant spiked club
              (24 damage)
             ... on level 3 of the Dungeon.
             The game lasted 00:02:26 (3260 turns).

D1HalberdGnoll the Chopper (Demonspawn Berserker)   Turns: 3260, Time: 00:02:27

Health: -3/48      AC:  6    Str: 20    XL:     6   Next: 71%
Magic:  6/6        EV: 12    Int:  8    God:    Trog [***...]
Gold:   81         SH:  0    Dex: 12    Spells: 5/5 levels left

rFire    . . .     SeeInvis .   a - +0 hand axe
rCold    . . .     Gourm    .   (no shield)
rNeg     . . .     Faith    .   i - +0 scale mail
rPois    .         Spirit   .   (no helmet)
rElec    .         Reflect  .   (no cloak)
rCorr    .         Harm     .   (no gloves)
MR       .....                  (no boots)
Stlth    ..........             (no amulet)
HPRegen  0.16/turn              (no ring)
MPRegen  0.10/turn              (no ring)

@: berserk cooldown, slowed, very slow
A: hooves 1, demonic guardian 1, sturdy frame 2
a: Berserk, Trog's Hand, Renounce Religion


You were on level 3 of the Dungeon.
You worshipped Trog.
Trog was most pleased with you.
You were hungry.

You visited 1 branch of the dungeon, and saw 4 of its levels.

You collected 81 gold pieces.

Inventory:

Hand Weapons
 a - a +0 hand axe (weapon)
Armour
 i - a +0 scale mail (worn)
Scrolls
 b - a scroll of enchant armour {unknown}
 f - 2 scrolls of teleportation {unknown}
 g - 2 scrolls of identify {unknown}
 h - a scroll of random uselessness {unknown}
 o - a scroll of fog {unknown}
 p - a scroll of fear {unknown}
Potions
 d - 2 potions of cancellation {unknown}
 e - a potion of flight {unknown}
 j - 2 potions of agility {unknown}
 k - a potion of might {unknown}
 l - 3 potions of curing {unknown}
 m - 2 potions of lignification {unknown}
 n - a potion of brilliance {unknown}
Comestibles
 c - 4 rations


   Skills:
 + Level 4.3 Fighting
 * Level 4.8 Axes
 + Level 3.2 Armour
 + Level 3.3 Dodging


You had 5 spell levels left.
You didn't know any spells.
Your spell library was empty.

Dungeon Overview and Level Annotations

Branches:
Dungeon (4/15)
 Temple: D:4-7

Altars:
Ashenzari
Elyvilon
Makhleb


Innate Abilities, Weirdness & Mutations

You have large cloven feet.
A weak demonic guardian rushes to your aid.
Your movements are less encumbered by armour. (ER -4)


Message History

There is a stone staircase leading up here.
You hit the jackal but do no damage. Your kick misses the jackal.
The jackal is almost dead.
You completely miss the ogre. The jackal bites you.
The iguana bites your white imp!
Your white imp dies!
The jackal barely misses you.
The ogre hits you with a giant spiked club!
You are too injured to fight recklessly!
You feel sick.
The jackal bites you but does no damage.
The jackal barely misses you. x2; The ogre misses you.
You climb upwards.
There is a stone staircase leading down here.
You feel sick.
You are no longer poisoned.
The jackal bites you but does no damage.
The ogre hits you with a giant spiked club!!
Ouch! That really hurt!
You die...

#.##.###...## ####......###
#.##.####.## #...###...
#.#........#######...# ####
#.....###........(.>.#####
#.....####.#######.#.....#
##....>........# #<#.###.#
#.......###.##.# #[#.# #.#
#.......###.##.####.#.###.#
#.........h@##..........#.##
#..<......O.....##..........
#........_.(##.###.#####..##
#...........##.##...# ##..##
#.........####....#.###..<..
###..###.## ####...##.#..##
#..# #.# ##.#(##..##
#..###.########.###....#
#..............## ##.(####


You could see an ogre and a jackal.

Vanquished Creatures
  2 orc priests (D:3)
  Terence (D:2)
  A worker ant (D:4)
  4 gnolls (D:3)
  4 adders
  3 dart slugs
  2 leopard geckos (D:1)
  8 orcs (D:3)
  A ball python (D:3)
  2 giant cockroaches (D:3)
  6 hobgoblins
  3 jackals
  2 quokkas
  7 bats
  2 frilled lizards
  10 goblins
  2 kobolds
  8 rats
68 creatures vanquished.

Vanquished Creatures (collateral kills)
  Sigmund (D:2)
  An ogre (D:3)
  An orc wizard (D:3)
  An adder (D:2)
  3 orcs
  A kobold (D:2)
8 creatures vanquished.

Grand Total: 76 creatures vanquished

Notes
Turn   | Place    | Note
-------+----------+-------------------------------------------
     0 | D:1      | D1HalberdGnoll the Demonspawn Berserker began the quest for the Orb.
     0 | D:1      | Reached XP level 1. HP: 18/18 MP: 1/1
   455 | D:1      | Gained mutation: A weak demonic guardian rushes to your aid. [demonic ancestry]
   455 | D:1      | Reached XP level 2. HP: 20/24 MP: 2/2
  1256 | D:2      | Reached ** piety under Trog
  1341 | D:2      | Noticed Sigmund
  1352 | D:2      | Killed Sigmund
  1352 | D:2      | Gained mutation: You have large cloven feet. [demonic ancestry]
  1352 | D:2      | Reached XP level 3. HP: 19/29 MP: 3/3
  1352 | D:2      | Gained mutation: Your movements are slightly less encumbered by armour. (ER -2) [demonic ancestry]
  1352 | D:2      | Reached XP level 4. HP: 23/35 MP: 4/4
  2009 | D:2      | Noticed Terence
  2016 | D:2      | Reached XP level 5. HP: 35/41 MP: 5/5
  2021 | D:2      | Killed Terence
  2575 | D:3      | Found a burning altar of Makhleb.
  2876 | D:3      | Gained mutation: Your movements are less encumbered by armour. (ER -4) [demonic ancestry]
  2876 | D:3      | Reached XP level 6. HP: 48/48 MP: 6/6
  3015 | D:3      | Reached *** piety under Trog
  3040 | D:3      | Found a shattered altar of Ashenzari.
  3042 | D:3      | Found a white marble altar of Elyvilon.
  3260 | D:3      | Slain by an ogre

Vault maps used:
D:1:      minmay_arrival_stone_box
D:2:      wad_pebble_path, uniq_sigmund, uniq_terence
D:3:      bloody_makhleb, chequers_temple_overflow_statue_of_worship,
          nrook_uturn
D:4:      first_ration, grunt_decor_one_mirror, minmay_close_crescents

Skill      XL: |  1  2  3  4  5 |
---------------+----------------+-----
Axes           | 3 4 |  4.8
Armour         | 2 3 |  3.2
Dodging        | 2 3 |  3.3
Fighting       | 4 |  4.3

Action                   |  1- 3 |  4- 6 || total
-------------------------+-------+-------++-------
Melee: Hand axe          |    73 |   137 ||   210
       Kick              |       |    39 ||    39
Invok: Berserk           |       |     6 ||     6
       Trog's Hand       |       |     1 ||     1
 Stab: Sleeping          |     1 |       ||     1
  Eat: Chunk             |     1 |    12 ||    13
Armor: Animal skin       |    13 |       ||    13
       Scale mail        |     2 |    51 ||    53
Dodge: Dodged            |    41 |    86 ||   127

Table legend:
 A = Spawn XP
 B = Non-spawn XP
 C = Spawn XP percentage of total XP
 D = Spawn monster count
 E = Non-spawn monster count
 F = Spawn count percentage of total count
 G = Total turns spent on level
                    A         B        C        D         E        F      G
               +---------+---------+-------+---------+---------+-------+---------
         Total |       0 |     632 |   0.0 |       0 |      76 |   0.0 |  3260
               +---------+---------+-------+---------+---------+-------+---------
           D:1 |       0 |      32 |   0.0 |       0 |      18 |   0.0 |  1217
           D:2 |       0 |     200 |   0.0 |       0 |      11 |   0.0 |  1159
           D:3 |       0 |     363 |   0.0 |       0 |      44 |   0.0 |   862
           D:4 |       0 |      37 |   0.0 |       0 |       3 |   0.0 |    22
               +---------+---------+-------+---------+---------+-------+---------
